cohdb
Replays
Latest Replays
All Replays
Popular Replays
Top Player Replays
Match Explorer
How It Works
Community
CoH3 Stats
Reddit
Sign in to upload your games and track your stats! →
Sign in with Steam
Match 41412910
Unlisted
Match 41412910
Overview
Messages
Build Orders
End
Panzergrenadier Squad
250 Light Carrier
Panzergrenadier Squad
Construct Light Support Kompanie
MG34 Team
Fire Support Elements
Panzergrenadier Squad
Combat Half-tracks
Selects Panzerjäger Kommand Battlegroup
Selects Mine Fields
Selects GrB 39 Grenade Launcher Requisition
Flakvierling Half-track
Pak 38 Anti-tank Gun Team
GEORGE LITTLEHOOF
DryCarrot
Swan
STRATEGO
0
0
Comments
sign in to comment!
No comments posted yet!